 Dungeon Crawl Stone Soup version 0.32-a0-872-g59262bdc9b (webtiles) character file.

Game seed: 7951813585280424201

1544 Biggs the Skirmisher (level 8, 56/56 HPs)
             Began as a Coglin Hunter on Mar 30, 2024.
             Quit the game on level 6 of the Dungeon.
             The game lasted 00:09:53 (4948 turns).

Biggs the Skirmisher (Coglin Hunter)                Turns: 4948, Time: 00:09:54

Health: 56/56      AC:  4    Str: 12    XL:     8   Next: 87%
Magic:  8/8        EV: 14    Int:  9    God:
Gold:   277        SH:  0    Dex: 19    Spells: 7/7 levels left

rFire   . . .        a - +0 sling {Kamaljyot}
rCold   . . .        d - +1 sling {Xue}
rNeg    . . .        c - +1 leather armour
rPois   .            (no helmet)
rElec   .            (no cloak)
rCorr   .            (no gloves)
SInv    .            (no boots)
Will    .....        (amulet unavailable)
Stlth   ++           (ring unavailable)
HPRegen 0.29/turn    (ring unavailable)
MPRegen 0.11/turn    (no gizmo)

%: no passive effects
@: no status effects
A: off-hand wielding, slow wielding, warmup strikes, no jewellery
a: Invent Gizmo


You were on level 6 of the Dungeon.
You visited 1 branch of the dungeon, and saw 6 of its levels.

You collected 301 gold pieces.
You spent 24 gold pieces at shops.

Inventory:

Hand Weapons
 a - a +0 sling (weapon) {Kamaljyot}
 d - a +1 sling (offhand) {Xue}
Armour
 c - a +1 leather armour (worn)
Wands
 h - a wand of quicksilver (13)
 r - a wand of flame (9)
Scrolls
 b - a scroll of butterflies
 e - a scroll of revelation
 f - 2 scrolls of teleportation
 k - 2 scrolls of fog
 l - 5 scrolls of vulnerability
 n - a scroll of poison
 p - a scroll of immolation
 q - a scroll of fear {unknown}
 s - 2 scrolls of noise
 t - a scroll of enchant weapon
Potions
 g - a potion of might {unknown}
 i - 5 potions of mutation {unknown}
 j - a potion of enlightenment {unknown}
 m - 5 potions of curing
 o - 2 potions of resistance {unknown}


   Skills:
 - Level 2.0 Fighting
 + Level 9.1 Ranged Weapons
 - Level 5.6 Dodging
 - Level 0.7 Stealth


You had 7 spell levels left.
You didn't know any spells.
Your spell library contained the following spells:

 Spells                   Type           Power      Damage    Failure   Level
 Freeze                   Ice            0%         1d3       45%         1
 Blink                    Tloc           0%         N/A       61%         2
 Lesser Beckoning         Tloc           0%         N/A       61%         2
 Momentum Strike          Conj/Tloc      0%         3d8       61%         2
 Frozen Ramparts          Ice            0%         1d1       83%         3
 Hailstorm                Conj/Ice       0%         3d5       83%         3


Dungeon Overview and Level Annotations

Branches:
Dungeon (6/15)
 Temple: D:4-7

Altars:
Cheibriados
Makhleb
Qazlal
Trog
Vehumet

Shops:
D:1 (!?(   D:5 :

Annotations:
D:3 1 runed translucent door, bigduke15's ghost, amateur MDFi


Innate Abilities, Weirdness & Mutations

You can wield a second weapon in your off-hand.
It takes a long time for you to wield or remove held weapons.
Your first few attacks do less damage.
You cannot equip rings or amulets.


Message History

Unknown command.
You shoot a sling bullet.
The sling bullet barely misses the phantom.
You shoot a sling bullet.
The sling bullet barely misses the phantom.
The phantom closely misses you.
Unknown command.
Unknown command.
You shoot a sling bullet.
The sling bullet barely misses the phantom.
You shoot a sling bullet.
The sling bullet barely misses the phantom.
The phantom barely misses you.
You shoot a sling bullet. The sling bullet hits the phantom!
The phantom is almost destroyed.
You shoot a sling bullet. The sling bullet hits the phantom!
You destroy the phantom!
Your Ranged Weapons skill increases to level 9!
Unknown command.
No target in view!
Unknown command.
There is an open door here.
You start parting from your weapon.
You continue parting from your +2 heavy sling {Shu}. x4
You whisper farewell to Shu.
You finish parting from your +2 heavy sling {Shu}.
You drop a +2 heavy sling {Shu}.
You see here a +0 sling.
a - a +0 sling You start attuning to your weapon.
You continue attuning to your +0 sling. x4
You finish attuning to your +0 sling.
You welcome your +0 sling "Kamaljyot" into your grasp.
As you read the scroll labelled EXZE BINEUFEL, it crumbles to dust.
It is a scroll of enchant armour.
Your +0 leather armour glows green for a moment.
There is an open door here.
Key pressed, stopping explore.
There is an open door here.
q - a scroll labelled GITADAE JORGHUO Are you sure you want to abandon this character and quit the game? (Confirm with "yes".)

#.# ###......#......##.......##
#)# #.......#.......# ..... #.
#.####.......'.......####'####.
#....#.......#.......#.......#.
###.###......#......##.......##
#...+......#......'.........'
#.####...#####...##.........#
#..# #.#'#...#'#.#...........
##.#####....@..#####.......##
#'#.#...........#.#+#...#+#.
###...##.........##...#####...
#......'.).......+......#.....
#......##.......##......#.....
####.......#.......#.......#.....
#..))..[...####+####.......+.....
#.##.......#.......#.......#.....
#[##......##.......##......#.....


There were no monsters in sight!

Vanquished Creatures
  Sigmund (D:2)
  Menkaure (D:6)
  An ice beast (D:5)
  2 ogres (D:5)
  3 phantoms
  A scorpion (D:5)
  A crimson imp (D:5)
  5 hounds
  A jelly (D:5)
  A bombardier beetle (D:5)
  2 orc priests
  A sleepcap (D:4)
  5 iguanas
  2 orc wizards
  2 gnolls (D:3)
  5 adders
  A shadow imp (D:5)
  2 white imps (D:6)
  A dart slug (D:3)
  A ribbon worm (D:3)
  10 orcs
  10 endoplasms
  A giant cockroach (D:3)
  7 goblins
  9 hobgoblins
  10 jackals
  3 quokkas
  5 ball pythons
  7 bats
  10 frilled lizards
  7 kobolds
  5 rats
123 creatures vanquished.

Vanquished Creatures (others)
  An orc wizard (D:5)
1 creature vanquished.

Grand Total: 124 creatures vanquished

Notes
Turn   | Place    | Note
-------+----------+-------------------------------------------
     0 | D:1      | Biggs the Coglin Hunter began the quest for the Orb.
     0 | D:1      | Reached XP level 1. HP: 16/16 MP: 1/1
    36 | D:1      | Reached skill level 4 in Ranged Weapons
    36 | D:1      | Reached XP level 2. HP: 22/22 MP: 2/2
   183 | D:1      | Reached XP level 3. HP: 27/27 MP: 3/3
   271 | D:1      | Found Caebbe's Distillery.
   277 | D:1      | Found Biagelaps's Antique Weapon Shoppe.
   424 | D:1      | Found Athel's Magic Scroll Emporium.
   431 | D:1      | Found Zounoz's Antique Weapon Shoppe.
   436 | D:1      | Bought a scroll of identify for 24 gold pieces
   544 | D:2      | Identified the +0 ring mail of the Forsaken Stars {Str+2
                  | Int+3}
   746 | D:2      | Noticed Sigmund
   751 | D:2      | Killed Sigmund
   752 | D:2      | Reached skill level 6 in Ranged Weapons
   752 | D:2      | Reached XP level 4. HP: 28/33 MP: 4/4
   752 | D:2      | Reached XP level 5. HP: 32/38 MP: 5/5
  1053 | D:3      | Reached XP level 6. HP: 44/44 MP: 6/6
  1090 | D:3      | Found a runed translucent door.
  1090 | D:3      | Noticed bigduke15's ghost (amateur MDFi)
  1348 | D:3      | Found a bloodstained altar of Trog.
  1851 | D:4      | Reached skill level 7 in Ranged Weapons
  2362 | D:4      | Reached XP level 7. HP: 50/50 MP: 7/7
  2470 | D:5      | Entered Level 5 of the Dungeon
  2880 | D:5      | Found Nuypynutt's Tiny Tomes.
  3186 | D:5      | Reached skill level 5 in Dodging
  3186 | D:5      | Reached XP level 8. HP: 40/56 MP: 8/8
  3301 | D:5      | Found a snail-covered altar of Cheibriados.
  3610 | D:5      | Found a burning altar of Makhleb.
  3610 | D:5      | Found a radiant altar of Vehumet.
  3693 | D:5      | Found a stormy altar of Qazlal.
  3771 | D:5      | Found a snail-covered altar of Cheibriados.
  3793 | D:5      | Reached skill level 8 in Ranged Weapons
  4153 | D:6      | Noticed Menkaure
  4160 | D:6      | Killed Menkaure
  4899 | D:6      | Reached skill level 9 in Ranged Weapons
  4948 | D:6      | Quit the game

Illustrated notes

Levels and vault maps discovered:
D:1:      ldierk_walled_garden_2, layout_rooms, serial_shops, shop, shop, shop,
          nicolae_shop_tiny_waterfront, hangedman_abyss_or_decor_lesser_grid,
          minmay_misc_feat_tiny, minmay_lizard_pond
D:2:      layout_rooms, kennysheep_donut, corner_web_ring, uniq_sigmund
D:3:      layout_loops_ring, trog_antimagical, hellmonk_ghost_happy_afterlife,
          grunt_decor_one_mirror
D:4:      layout_basic
D:5:      layout_loops_corners, grunt_temple_overflow_lords_of_destruction,
          mainiacjoe_overflow_alcove_2, hangedman_feature_mirror,
          nicolae_shop_i_like_small_books_too, chequers_serial_rivers_large_a
D:6:      nicolae_cairo_tiling_very_big, layout_loops_corners, serial_shops,
          nicolae_shop_back_alley_shop, minmay_ruffians, uniq_menkaure

Skill      XL: |  1  2  3  4  5  6  7  8 |
---------------+-------------------------+-----
Ranged Weapons | 4 6 7 9 |  9.1
Dodging        | 5 |  5.6
Fighting       | |  2.0
Stealth        | |  0.7

Action                     |  1- 3 |  4- 6 |  7- 9 || total
---------------------------+-------+-------+-------++-------
  Melee: Sling             |       |       |     2 ||     2
   Fire: Sling             |   132 |   194 |   364 ||   690
    Use: Scroll            |       |     6 |     5 ||    11
         Potion            |       |       |     2 ||     2
 Armour: Leather armour    |     5 |     6 |    52 ||    63
  Dodge: Dodged            |     2 |     6 |    46 ||    54

Table legend: (Time is in decaauts)
 A = Elapsed time spent in this place.
 B = Non-inter-level travel time spent in this place.
 C = Inter-level travel time spent in this place.
 D = Time resting spent in this place.
 E = Time spent auto-exploring this place.
 F = Levels seen in this place.
 G = Mean time per level.
                   A        B        C        D        E       F      G
               +--------+--------+--------+--------+--------+-----+--------+
         Total |   5011 |   4910 |    101 |    147 |   4102 |   6 |  835.2 |
       Dungeon |   5011 |   4910 |    101 |    147 |   4102 |   6 |  835.2 |
               +--------+--------+--------+--------+--------+-----+--------+

Top non-repeatable levels by time:
     D:5: 1575 daAuts
     D:6: 927 daAuts
     D:4: 754 daAuts
     D:3: 715 daAuts
     D:2: 530 daAuts
     D:1: 507 daAuts
